 Dungeon Crawl Stone Soup version 0.28.0-47-ge53b351184 (webtiles) character file.

Game seed: 12689057982030684482

884 Bruhh the Magician (level 7, -4/46 HPs)
             Began as a Demonspawn Venom Mage on May 8, 2022.
             Slain by a bullfrog skeleton (7 damage)
             ... on level 5 of the Dungeon.
             The game lasted 00:09:07 (6841 turns).

Bruhh the Magician (Demonspawn Venom Mage)          Turns: 6841, Time: 00:09:07

Health: -4/46      AC:  0    Str:  8    XL:     7   Next: 76%
Magic:  11/17      EV: 12    Int: 18    God:
Gold:   307        SH:  0    Dex: 14    Spells: 12/19 levels left

rFire   . . .      SeeInvis .   s - +2 long sword (distort)
rCold   . . .      Faith    .   (no shield)
rNeg    . . .      Spirit   .   (no armour)
rPois   .          Reflect  .   (no helmet)
rElec   .          Harm     .   (no cloak)
rCorr   .          Rampage  .   (no gloves)
Will    .....                   (no boots)
Stlth   ++........              (no amulet)
HPRegen 0.15/turn               (no ring)
MPRegen 0.15/turn               (no ring)

@: no status effects
A: demonic magic 1, weakness stinger 1, screaming 1
a: no special abilities


You were on level 5 of the Dungeon.
You visited 1 branch of the dungeon, and saw 5 of its levels.

You collected 307 gold pieces.

Inventory:

Hand Weapons
 g - a +0 war axe of freezing
 p - a +2 mace of protection
 s - a +2 long sword of distortion (weapon)
Missiles
 h - 7 poisoned darts
 r - a throwing net
Armour
 a - a +0 robe
 q - a +0 leather armour
Wands
 n - a wand of flame (20)
Scrolls
 b - 5 scrolls of identify {unknown}
 d - 4 scrolls of enchant weapon {unknown}
 f - a scroll of teleportation {unknown}
 i - 2 scrolls of fear {unknown}
 k - 2 scrolls of magic mapping {unknown}
 l - a scroll of acquirement {unknown}
 m - a scroll of amnesia {unknown}
 t - a scroll of blinking {unknown}
 v - a scroll of torment {unknown}
 w - 3 scrolls of vulnerability {unknown}
Potions
 c - 2 potions of brilliance
 e - a potion of might {unknown}
 o - a potion of berserk rage {unknown}
 u - a potion of invisibility {unknown}


   Skills:
 - Level 1.7 Dodging
 - Level 1.7 Stealth
 + Level 6.8 Spellcasting
 - Level 0.8 Transmutations
 - Level 6.0 Poison Magic


You had 12 spell levels left.
You knew the following spells:

 Your Spells              Type           Power      Damage    Failure   Level
a - Sting                 Tmut/Pois      72%        1d6       2%          1
b - Poisonous Vapours     Pois/Air       32%        N/A       4%          2
c - Olgreb's Toxic Radia  Pois           27%        N/A       10%         4

Your spell library contained the following spells:

 Spells                   Type           Power      Damage    Failure   Level
 Wereblood                Tmut           9%         N/A       12%         2
 Mephitic Cloud           Conj/Pois/Air  13%        N/A       14%         3
 Sublimation of Blood     Necr           6%         N/A       17%         2
 Dazzling Flash           Conj/Hex       12%        N/A       32%         3
 Iskenderun's Mystic Bla  Conj/Tloc      6%         2d4       73%         4
 Starburst                Conj/Fire      3%         6d3       100%        6
 Summon Hydra             Summ           3%         N/A       100%        7
 Borgnjor's Revivificati  Necr           3%         N/A       100%        8
 Necromutation            Tmut/Necr      3%         N/A       100%        8
 Death's Door             Necr           3%         N/A       100%        9


Dungeon Overview and Level Annotations

Branches:
Dungeon (5/15)
 Temple: D:4-7

Altars:
Kikubaaqudgha
Nemelex Xobeh
Okawaru
Ru

Shops:
D:3 (   D:4 *   D:5 =?*

Annotations:
D:3 2 runed translucent doors, kalagan's ghost, amateur DjCj


Innate Abilities, Weirdness & Mutations

Spells you cast may paralyse adjacent enemies.
You have a small tail.
You occasionally shout uncontrollably at your foes.


Message History

A water moccasin zombie comes into view.
The ogre hits you with a +0 giant spiked club!!
Casting: Sting (safe; 2% risk of failure)
Confirm with . or Enter, or press ? or * to list all spells.
The spell is quite dangerous to miscast (10% risk of failure)!
Continue anyway?
You begin to radiate toxic energy.
The ogre is poisoned.
Malevolent energies surge around you.
The ogre looks even sicker.
The ogre hits you with a +0 giant spiked club!
* * * LOW HITPOINT WARNING * * *
The ogre looks even sicker.
The hound barks!
The hound is poisoned.
Your toxic aura wanes.
You hear a shout!
The bullfrog skeleton hits you.
* * * LOW HITPOINT WARNING * * *
A centaur skeleton comes into view.
The bullfrog skeleton closely misses you.
The hound looks more healthy.
It was a potion of mutation.
You feel extremely strange.
You feel clever.
The bullfrog skeleton completely misses you.
The bullfrog skeleton hits you.
* * * LOW HITPOINT WARNING * * *
The hound closely misses you. The bullfrog skeleton hits you.
* * * LOW HITPOINT WARNING * * *
Casting: Olgreb's Toxic Radiance (quite dangerous; 9% risk of failure)
Confirm with . or Enter, or press ? or * to list all spells.
The spell is quite dangerous to miscast (9% risk of failure)!
Continue anyway?
You begin to radiate toxic energy.
The hound is poisoned.
Malevolent energies surge around you.
The hound suddenly stops moving!
The ogre looks even sicker.
The bullfrog skeleton hits you.
* * * LOW HITPOINT WARNING * * *
Really quaff the potion of mutation?
You feel extremely strange.
You feel stupid.
You feel the urge to shout.
The ogre looks even sicker.
The hound looks even sicker.
Your toxic aura wanes.
The bullfrog skeleton hits you!
You die...

#.....#.....#.....#....#
..#......#......#......#
....#.......#.......#.#####
...........................##
..............................
....?......ZOZ...............#
........##.Z.......#.#.###..
.......####hZ...##.#.#.###..
####... #.@###.##...#......
####....## #.# #..#...)..
#.... #[# #(.#...... ......#
#.# . #...... ....#. #.# #.
#...... ...... #...#.##......
...... .............. .. ##
##............ ...........


You could see an ogre (very poisoned), a hound (paralysed, very poisoned), a
water moccasin zombie, a bullfrog skeleton and 2 centaur skeletons.

Vanquished Creatures
  Grinder (D:3)
  An ice beast (D:5)
  An ogre (D:3)
  A centaur (D:4)
  2 centaur zombies
  A hound (D:5)
  A jelly (D:5)
  An iguana (D:5)
  Natasha (thrice) (D:2)
  2 hound skeletons (D:4)
  A gnoll (D:1)
  4 adders
  An adder skeleton (D:4)
  3 worms
  3 dart slugs
  14 orcs
  6 ball pythons
  6 endoplasms
  3 giant cockroaches
  7 goblins
  10 hobgoblins
  A jackal (D:3)
  10 kobolds
  2 quokkas
  9 bats
  A frilled lizard (D:1)
  3 rats
98 creatures vanquished.

Notes
Turn   | Place    | Note
-------+----------+-------------------------------------------
     0 | D:1      | Bruhh the Demonspawn Venom Mage began the quest for the
                  | Orb.
     0 | D:1      | Reached XP level 1. HP: 13/13 MP: 3/3
   427 | D:1      | Gained mutation: You have a small tail. [demonic ancestry]
   427 | D:1      | Reached XP level 2. HP: 11/19 MP: 1/5
   927 | D:1      | Reached XP level 3. HP: 24/24 MP: 0/7
  1532 | D:1      | Found a faded altar of an unknown god.
  2443 | D:2      | Noticed Natasha
  2448 | D:2      | Killed Natasha
  2449 | D:2      | Reached XP level 4. HP: 10/30 MP: 3/8
  2460 | D:2      | Learned a level 2 spell: Poisonous Vapours
  2552 | D:2      | Noticed Natasha
  2694 | D:2      | Killed Natasha
  3078 | D:2      | Noticed Natasha
  3087 | D:2      | Killed Natasha
  3088 | D:2      | Reached XP level 5. HP: 7/35 MP: 1/10
  3442 | D:3      | Found an ancient bone altar of Kikubaaqudgha.
  3603 | D:3      | Found a runed translucent door.
  3609 | D:3      | Noticed an ogre
  3610 | D:3      | Noticed kalagan's ghost (amateur DjCj)
  3617 | D:3      | Killed an ogre
  3618 | D:3      | Reached skill level 5 in Poison Magic
  3813 | D:3      | Noticed Grinder
  3825 | D:3      | Killed Grinder
  3826 | D:3      | Gained mutation: Spells you cast may paralyse adjacent
                  | enemies. [demonic ancestry]
  3826 | D:3      | Reached XP level 6. HP: 22/41 MP: 7/13
  3967 | D:3      | Found a sparkling altar of Nemelex Xobeh.
  4023 | D:3      | Found Kug Zywo's Weapon Emporium.
  4129 | D:3      | Reached skill level 5 in Spellcasting
  4467 | D:3      | Found a runed translucent door.
  4949 | D:4      | HP: 1/41 [centaur/arrow (6)]
  4959 | D:4      | Reached XP level 7. HP: 5/46 MP: 12/15
  5443 | D:4      | Learned a level 4 spell: Olgreb's Toxic Radiance
  5619 | D:4      | Found an iron altar of Okawaru.
  5620 | D:4      | Found a sacrificial altar of Ru.
  5816 | D:4      | Found Erayfox's CLEARANCE SALE!.
  6066 | D:5      | Entered Level 5 of the Dungeon
  6077 | D:5      | Found Beyla's Magic Scroll Shoppe.
  6225 | D:5      | Found Dijit's Jewellery Emporium.
  6289 | D:5      | Found Rihui's Assorted Antiques.
  6374 | D:5      | HP: 1/46 [ice beast (11)]
  6835 | D:5      | Gained mutation: Your mind is acute. (Int +2) [potion of
                  | mutation]
  6841 | D:5      | Lost mutation: Your mind is acute. (Int +2) [potion of
                  | mutation]
  6841 | D:5      | Gained mutation: You occasionally shout uncontrollably at
                  | your foes. [potion of mutation]
  6841 | D:5      | Slain by a bullfrog skeleton

Illustrated notes

Levels and vault maps discovered:
D:1:      eino_arrival_druids_welcome, layout_basic,
          hellmonk_ecumenical_altar_heavens_door
D:2:      layout_loops_ring, kennysheep_generic_room_15, uniq_natasha
D:3:      layout_rooms, kiku_gazebo_pond_becter, nemelex_altar_shiori,
          serial_shops, nicolae_shop_bloodbath_and_beyond,
          ebering_ghost_sewer_f, minmay_misc_feat_encased, glass_columns_a,
          kennysheep_generic_room_3, uniq_grinder
D:4:      layout_loops_ring, nicolae_overflow_hidden_temple,
          nicolae_shop_clearance
D:5:      layout_rooms, vehumet_statue, serial_shops, nicolae_shop_waterfront,
          shop, nicolae_lakefront_shop, shop, minmay_increasing_density

Skill      XL: |  1  2  3  4  5  6  7 |
---------------+----------------------+-----
Spellcasting   | 3 4 5 6 |  6.8
Poison Magic   | 4 5 6 |  6.0
Dodging        | |  1.7
Stealth        | |  1.7
Transmutations | |  0.8

Action                   |  1- 3 |  4- 6 |  7- 9 || total
-------------------------+-------+-------+-------++-------
Melee: Unarmed           |    26 |       |       ||    26
       War axe           |    14 |    13 |       ||    27
       Tailslap          |     3 |     9 |     7 ||    19
       Punch             |       |     2 |       ||     2
       Mace              |       |    43 |    38 ||    81
       Long sword        |       |       |    22 ||    22
 Cast: Sting             |    75 |    43 |    60 ||   178
       Poisonous Vapours |       |    11 |       ||    11
       Olgreb's Toxic Ra |       |       |     2 ||     2
  Use: Potion            |       |     2 |     3 ||     5
 Stab: Paralysed         |       |     4 |    13 ||    17
Armor: Robe              |    23 |     1 |       ||    24
       Skin              |       |    21 |    22 ||    43
Dodge: Dodged            |    40 |    58 |    50 ||   148
